 Dungeon Crawl Stone Soup version 0.32-a0-818-gb728d0252e (webtiles) character file.

Game seed: 18015111571801511329

121 Ajdolov the Magician (level 4, -38/30 HPs)
             Began as a Mummy Earth Elementalist on Mar 24, 2024.
             Killed by an exploding gnoll (43 damage)
             ... ignited by their inner flame
             ... on level 3 of the Dungeon.
             The game lasted 00:03:20 (2333 turns).

Ajdolov the Magician (Mummy Earth Elementalist)     Turns: 2333, Time: 00:03:21

Health: -38/30     AC:  2    Str: 11    XL:     4   Next: 76%
Magic:  11/11      EV: 11    Int: 16    God:
Gold:   220        SH:  0    Dex: 12    Spells: 9/13 levels left

rFire   x . .        d - +0 dagger
rCold   + . .        (no shield)
rNeg    + + +        a - +0 robe
rPois   ∞            (no helmet)
rElec   .            (no cloak)
rCorr   .            (no gloves)
SInv    .            (no boots)
Will    .....        (no amulet)
Stlth   ++           (no ring)
HPRegen 0.25/turn    (no ring)
MPRegen 0.12/turn

%: faith
@: no status effects
A: cold resistance 1, negative energy resistance 3, torment resistance 2, heat
vulnerability 1, in touch with death 1, no potions, faith
a: no special abilities


You were on level 3 of the Dungeon.
You visited 1 branch of the dungeon, and saw 3 of its levels.

You collected 220 gold pieces.

Inventory:

Hand Weapons
 d - a +0 dagger (weapon)
Armour
 a - a +0 robe (worn)
Jewellery
 k - a ring of wizardry
Scrolls
 b - 2 scrolls of immolation
 c - 2 scrolls of teleportation {unknown}
 e - a scroll of fear {unknown}
 f - a scroll of brand weapon {unknown}
 g - a scroll of blinking {unknown}
 h - a scroll of noise {unknown}
 i - a scroll of summoning {unknown}
 l - a scroll of identify {unknown}


   Skills:
 - Level 1.5 Dodging
 - Level 1.5 Stealth
 - Level 5.0 Spellcasting
 + Level 1.8 Conjurations
 + Level 3.0 Earth Magic


You had 9 spell levels left.
You knew the following spells:

 Your Spells              Type           Power      Damage    Failure   Level
a - Sandblast             Erth           26%        2d8       4%          1
b - Stone Arrow           Conj/Erth      22%        3d8       17%         3

Your spell library contained the following spells:

 Spells                   Type           Power      Damage    Failure   Level
 Passwall                 Erth           13%        N/A       13%         3
 Brom's Barrelling Bould  Conj/Erth      11%        2d3       50%         4
 Petrify                  Alch/Erth      8%         N/A       63%         4


Dungeon Overview and Level Annotations

Branches:
Dungeon (3/15)

Altars:


Innate Abilities, Weirdness & Mutations

You are immune to poison.
Your flesh is cold resistant. (rC+)
You are immune to negative energy. (rN+++)
You are immune to unholy pain and torment.
You are vulnerable to heat. (rF-)
You are in touch with the powers of death.
You do not drink.
You have a special connection with the divine. (Faith)


Message History

A gnoll is wielding a +0 club and quivering 2 throwing nets.
The gnoll shouts! x2
Found an escape hatch in the ceiling.
The gnoll attacks as it pursues you! The gnoll hits you with a +0 flail!
The gnoll attacks as it pursues you! The gnoll hits you but does no damage.
The gnoll attacks as it pursues you! The gnoll completely misses you.
There is an open door here.
You see here a ribbon worm corpse.
The blast of sand hits the gnoll.
The gnoll is moderately wounded.
The gnoll closely misses you. The gnoll attacks as it pursues you!
The gnoll barely misses you. The gnoll attacks as it pursues you!
The gnoll completely misses you. The gnoll attacks as it pursues you!
The gnoll hits you with a +0 flail. The gnoll attacks as it pursues you!
The gnoll hits you with a +0 flail.
You hear the rusting of a very distant drain.
The gnoll attacks as it pursues you! The gnoll hits you with a +0 flail.
The gnoll attacks as it pursues you! The gnoll misses you.
There is an open door here.
As you read the scroll labelled DUDIOL HUITI, it crumbles to dust.
The creatures around you are filled with an inner flame!
It was a scroll of immolation.
The gnoll completely misses you. The gnoll attacks as it pursues you!
The gnoll barely misses you. The gnoll attacks as it pursues you!
The gnoll hits you with a +0 flail!
* * * LOW HITPOINT WARNING * * *
A bat comes into view.
The gnoll attacks as it pursues you! The gnoll barely misses you.
The gnoll attacks as it pursues you! The gnoll barely misses you.
Aiming: Iceblast
Press: ? - help, Shift-Dir - straight line, p - gnoll The mass of ice explodes!
The iceblast engulfs the gnoll! x2
Flame seeps out of the gnoll.
The gnoll is almost dead.
The now-empty wand crumbles to dust.
The gnoll explodes!
The fiery explosion engulfs the gnoll!
The gnoll explodes!
The fiery explosion engulfs you!!! The fire burns you terribly!
Ouch! That really hurt!
You die...

....#...#.##.##.# ######.###...>.
....###.#.##.##.###......###.....
..............b..................
..#.###.#.##.#...........##......
#########.##.#...................
.........#.#.....#######.......
##########.#.....# ##......
#.#.....# #...... #.#.§@§.#
#...... #.#.§○§.# #......
#.#.§§§.# ####### #.#..§§.#
#..g..# ##g#### #.# #.#
########## #.# #........#


You could see 2 gnolls and a bat.

Vanquished Creatures
  Jessica (D:1)
  2 gnolls (D:3)
  4 adders
  An adder skeleton (D:2)
  3 ribbon worms
  A dart slug (D:1)
  3 bats
  3 endoplasms
  4 giant cockroaches
  2 goblins
  5 hobgoblins
  2 jackals (D:1)
  3 quokkas
  4 ball pythons
  A ball python skeleton (D:2)
  A ball python zombie (D:2)
  4 frilled lizards
  A kobold (D:2)
  5 rats
50 creatures vanquished.

Notes
Turn   | Place    | Note
-------+----------+-------------------------------------------
     0 | D:1      | Ajdolov the Mummy Earth Elementalist began the quest for
                  | the Orb.
     0 | D:1      | Reached XP level 1. HP: 13/13 MP: 4/4
    92 | D:1      | Reached skill level 3 in Spellcasting
   229 | D:1      | Reached XP level 2. HP: 19/19 MP: 2/6
   394 | D:1      | Reached skill level 4 in Spellcasting
   735 | D:1      | Reached XP level 3. HP: 24/24 MP: 6/8
   904 | D:2      | Noticed Jessica
   910 | D:1      | Killed Jessica
   911 | D:1      | Reached skill level 5 in Spellcasting
   943 | D:1      | Reached skill level 1 in Conjurations
  1026 | D:2      | Reached XP level 4. HP: 28/30 MP: 6/11
  1142 | D:2      | Learned a level 3 spell: Stone Arrow
  2333 | D:3      | Killed by an exploding gnoll... ignited by their inner
                  | flame

Illustrated notes

Levels and vault maps discovered:
D:1:      heliophobic_arrival_battle_scene, layout_rooms, minivault_11,
          dreamdust_wishing_well
D:2:      layout_basic, serial_undead, serial_undead_e, serial_undead_f,
          serial_undead_d, serial_undead_d, serial_undead_a, kennysheep_potato,
          uniq_jessica
D:3:      minmay_wonky_spiral, layout_basic, mainiacjoe_overflow_paths,
          grunt_temple_overflow_open, gup_sewer_entry_pipe, nrook_uturn,
          uniq_terence

Skill      XL: |  1  2  3  4 |
---------------+-------------+-----
Spellcasting   | 3 4 5 |  5.0
Conjurations   | 1 |  1.8
Earth Magic    | 3 |  3.0
Dodging        | |  1.5
Stealth        | |  1.5

Action                     |  1- 3 |  4- 6 || total
---------------------------+-------+-------++-------
  Melee: Unarmed           |     1 |       ||     1
         Dagger            |     6 |       ||     6
   Cast: Sandblast         |    50 |    34 ||    84
  Evoke: Wand              |       |     1 ||     1
    Use: Scroll            |       |     1 ||     1
   Stab: Sleeping          |     1 |       ||     1
 Armour: Robe              |    19 |    10 ||    29
  Dodge: Dodged            |    14 |    17 ||    31

Table legend: (Time is in decaauts)
 A = Elapsed time spent in this place.
 B = Non-inter-level travel time spent in this place.
 C = Inter-level travel time spent in this place.
 D = Time resting spent in this place.
 E = Time spent auto-exploring this place.
 F = Levels seen in this place.
 G = Mean time per level.
                   A        B        C        D        E       F      G
               +--------+--------+--------+--------+--------+-----+--------+
         Total |   2376 |   2222 |    154 |     63 |   1802 |   3 |  792.0 |
       Dungeon |   2376 |   2222 |    154 |     63 |   1802 |   3 |  792.0 |
               +--------+--------+--------+--------+--------+-----+--------+

Top non-repeatable levels by time:
     D:2: 1108 daAuts
     D:1: 1004 daAuts
     D:3: 263 daAuts
